 Dungeon Crawl Stone Soup version 0.19.3-4-gbf9329e (webtiles) character file.

77 pib the Ruffian (level 4, -2/40 HPs)
             Began as a Naga Transmuter on Jan 29, 2017.
             Was an Initiate of Ashenzari.
             Splashed by a jelly's acid (7 damage)
             ... on level 2 of the Dungeon on Jan 30, 2017.
             The game lasted 00:10:55 (2634 turns).

pib the Ruffian (Naga Transmuter)                   Turns: 2634, Time: 00:10:57

Health: -2/40      AC: -1    Str: 13    XL:     4   Next: 33%
Magic:  7/7        EV:  9    Int: 14    God:    Ashenzari [......]
Gold:   104        SH:  3    Dex: 11    Spells: 2 memorised, 4 levels left

rFire  . . .     SeeInvis +     s - +2 short sword (elec)
rCold  . . .     Gourm    .     b - +0 robe
rNeg   . . .     Faith    .     g - +0 buckler (curse)
rPois  +         Spirit   .     (no helmet)
rElec  .         Reflect  .     (no cloak)
rCorr  .         Harm     .     (no gloves)
MR     .....                    (no barding)
Stlth  +.........               (no amulet)
                                (no ring)
                                (no ring)

@: corroded, very slow
A: see invisible, deformed body, poison resistance, slowness 2, slow metabolism
1, spit poison 1, AC +1
a: Spit Poison, Curse Item, Renounce Religion


You were on level 2 of the Dungeon.
You worshipped Ashenzari.
Ashenzari was noncommittal.
You were not hungry.

You visited 1 branch of the dungeon, and saw 3 of its levels.

You collected 104 gold pieces.

Inventory:

Hand Weapons
 f - a cursed -2 dagger
 j - a +0 club
 p - a +0 short sword of speed
 s - a +2 short sword of electrocution (weapon)
Missiles
 a - 61 arrows
Armour
 b - a +0 robe (worn)
 g - a cursed +0 buckler (worn)
Scrolls
 e - 2 scrolls of recharging {unknown}
 k - 3 scrolls of identify {unknown}
 o - a scroll of teleportation {unknown}
 t - a scroll of enchant weapon {unknown}
 v - a scroll of remove curse
Potions
 h - a potion of lignification {unknown}
 i - a potion of brilliance {unknown}
 l - a potion of degeneration {unknown}
 m - a potion of haste {unknown}
 n - a potion of mutation {unknown}
 r - a potion of agility {unknown}
 u - a potion of heal wounds {unknown}
Books
 c - a book of Changes

   Spells                             Type                      Level
   a - Beastly Appendage              Transmutation                1
   b - Sticks to Snakes               Transmutation                2
   c - Spider Form                    Transmutation/Poison         3
   d - Ice Form                       Ice/Transmutation            4
   e - Blade Hands                    Transmutation                5
Comestibles
 d - 2 bread rations
 q - 6 chunks of flesh


   Skills:
 + Level 2.9 Fighting
 - Level 1.5 Dodging
 + Level 0.4 Shields
 + Level 3.9 Unarmed Combat
 - Level 2.0 Spellcasting
 - Level 2.0 Transmutations


You had 4 spell levels left.
You knew the following spells:

 Your Spells              Type           Power        Failure   Level  Hunger
a - Beastly Appendage     Tmut           #.....       17%         1    ##.....
b - Sticks to Snakes      Tmut           #.......     24%         2    ###....


Dungeon Overview and Level Annotations

Branches:
Dungeon (3/15)

Altars:
Ashenzari
Sif Muna


Innate Abilities, Weirdness & Mutations

You cannot wear boots.
Your serpentine skin is tough. (AC +1)
You have supernaturally acute eyesight. (SInv)
Armour fits poorly on your strangely shaped body.
Your system is resistant to poisons. (rPois)
You cover ground very slowly.
You have a slow metabolism.
You can spit poison.


Message History

The acid burns!
There is a stone staircase leading up here.
The jelly closely misses you. The orc barely misses you.
You climb upwards.
There is a stone staircase leading down here.
Okay, then.
The orc hits you with a hand axe. The jelly barely misses you.
The orc hits you with a hand axe.
You hit the jelly.
Your hands burn!
* * * LOW HITPOINT WARNING * * *
The jelly is moderately wounded.
You block the jelly's attack.
You hit the jelly but do no damage.
There is a sudden explosion of sparks!
Your hands burn!
* * * LOW HITPOINT WARNING * * *
The jelly is almost dead.
The jelly hits you.
* * * LOW HITPOINT WARNING * * *
You are splashed with acid!
The acid burns!
You die...

...########......#
#.#..# ...#
#......# #.##.#
...# #..#...#
#....# ...#
#.....## ######
...# #..#.####
...# #.......#
...# ##.>.##.#
...# ##..##.# ...#
#.oJ@.# ...#
####### ...# ...#
####


You could see a jelly and an orc.

Vanquished Creatures
  A gnoll (D:1)
  A worm (D:2)
  5 leopard geckos (D:1)
  A ball python (D:2)
  8 bats
  2 giant cockroaches (D:1)
  10 goblins
  5 hobgoblins
  2 jackals (D:3)
  6 kobolds
  A quokka (D:2)
  5 frilled lizards
  6 rats
53 creatures vanquished.

Notes
Turn   | Place    | Note
-------+----------+-------------------------------------------
     0 | D:1      | pib the Naga Transmuter began the quest for the Orb.
     0 | D:1      | Reached XP level 1. HP: 18/18 MP: 3/3
   354 | D:1      | Reached XP level 2. HP: 18/26 MP: 5/5
   647 | D:1      | Reached XP level 3. HP: 16/32 MP: 6/6
   986 | D:1      | HP: 1/32 [goblin/spear (4)]
  1478 | D:1      | Learned a level 2 spell: Sticks to Snakes
  1570 | D:1      | Found a shattered altar of Ashenzari.
  1582 | D:1      | Became a worshipper of Ashenzari the Shackled
  1747 | D:2      | Found a deep blue altar of Sif Muna.
  1825 | D:2      | Reached XP level 4. HP: 37/40 MP: 7/7
  2634 | D:2      | Splashed by a jelly's acid

Skill      XL: |  1 |
---------------+----+-----
Fighting       | 2 |  2.9
Dodging        | |  1.5
Shields        | |  0.4
Unarmed Combat | |  3.9
Spellcasting   | |  2.0
Transmutations | |  2.0

Action                   |  1- 3 |  4- 6 || total
-------------------------+-------+-------++-------
Melee: Unarmed           |   156 |    14 ||   170
       Headbutt          |     1 |       ||     1
       Short sword       |       |    53 ||    53
 Cast: Beastly Appendage |     1 |       ||     1
Invok: Curse Item        |     1 |       ||     1
 Abil: Spit Poison       |     4 |     1 ||     5
  Eat: Chunk             |     2 |     2 ||     4
Armor: Robe              |    62 |     9 ||    71
Dodge: Dodged            |   111 |    29 ||   140
Block: Buckler           |    21 |     7 ||    28
